 Dungeon Crawl Stone Soup version 0.22-a0-433-gd2a9cce (webtiles) character file.

19 Mgcat the Chopper (level 2, 0/26 HPs)
             Began as a Minotaur Berserker on May 27, 2018.
             Was a Follower of Trog.
             Slain by an orc
             ... wielding a +0 war axe
              (8 damage)
             ... on level 3 of the Dungeon.
             The game lasted 00:01:12 (104 turns).

Mgcat the Chopper (Minotaur Berserker)               Turns: 104, Time: 00:01:13

Health: 0/26       AC:  2    Str: 21    XL:     2   Next: 55%
Magic:  1/1        EV: 12    Int:  4    God:    Trog [*.....]
Gold:   37         SH:  0    Dex:  9    Spells: 1/1 levels left

rFire    . . .     SeeInvis .   a - +0 hand axe
rCold    . . .     Gourm    .   (no shield)
rNeg     . . .     Faith    .   b - +0 animal skin
rPois    .         Spirit   .   (helmet restricted)
rElec    .         Reflect  .   (no cloak)
rCorr    .         Harm     .   (no gloves)
MR       .....                  (no boots)
Stlth    +.........             (no amulet)
HPRegen  0.08/turn              (no ring)
MPRegen  0.07/turn              (no ring)

@: berserk cooldown
A: retaliatory headbutt, horns 2
a: Berserk, Renounce Religion


You were on level 3 of the Dungeon.
You worshipped Trog.
Trog was aware of your devotion.
You were not hungry.

You visited 1 branch of the dungeon, and saw 3 of its levels.

You collected 37 gold pieces.

Inventory:

Hand Weapons
 a - a +0 hand axe (weapon)
Armour
 b - a +0 animal skin (worn)
Comestibles
 c - a ration
 d - 3 chunks of flesh {@w0}


   Skills:
 - Level 3.6 Fighting
 + Level 4.8 Axes
 - Level 2.4 Armour
 - Level 2.1 Dodging


You had one spell level left.
You didn't know any spells.
Your spell library was empty.

Dungeon Overview and Level Annotations

Branches:
Dungeon (3/15)

Altars:


Innate Abilities, Weirdness & Mutations

You reflexively headbutt those who attack you in melee.
You have a pair of horns on your head.


Message History

Trog accepts your kill. The kobold misses you. You furiously retaliate!
You headbutt the kobold.
You feel the power of Trog in you as your rage grows.
You kill the kobold!
Trog accepts your kill.
You feel a strong urge to attack something.
You barely miss the hobgoblin. The hobgoblin hits you with a club.
You closely miss the hobgoblin. The hobgoblin barely misses you.
You hit the hobgoblin.
You kill the hobgoblin!
Trog accepts your kill.
Your Axes skill increases to level 4!
Things that are here:
a club; a hobgoblin corpse You butcher the hobgoblin corpse.
You feel a strong urge to attack something.
d - 2 chunks of flesh {@w0} (gained 1)
Things that are here:
a club; a hobgoblin skeleton You are no longer berserk.
You are exhausted.
You feel yourself slow down.
There isn't anything to butcher here.
There is an escape hatch in the floor here.
You see here an enchanted short sword.
There isn't anything to butcher here.
You start resting.
You start resting.
You feel yourself speed up.
You start resting.
You recover from your berserk rage.
You slide downwards.
The hatch slams shut behind you.
An adder comes into view.
The adder hisses angrily.
A red film seems to cover your vision as you go berserk!
You feel yourself moving faster!
You feel mighty!
You feel a lot more hungry.
You feel a strong urge to attack something.
The adder bites you.
You are poisoned.
The adder poisons you!
You hit the adder. Your headbutt misses the adder.
The adder is lightly wounded.
You feel sick. The adder closely misses you.
You slash the adder!
You kill the adder!
Trog accepts your kill.
You have reached level 2!
You see here an adder corpse.
You butcher the adder corpse.
You feel a strong urge to attack something.
d - 3 chunks of flesh {@w0} (gained 1)
You feel sick.
You are no longer berserk.
You are exhausted.
You feel yourself slow down.
You feel sick.
Found a stone staircase leading up and a stone staircase leading down.
You feel sick.
You now have 23 gold pieces (gained 7).
You feel sick.
You are no longer poisoned.
You now have 37 gold pieces (gained 14).
There is a stone staircase leading down here.
You climb downwards.
A giant cockroach, an orc and an orc priest come into view.
The orc priest shouts!
The orc shouts!
You hear a shout!
There is a stone staircase leading up here.
You feel yourself speed up.
A ball python comes into view.
The orc priest calls down the wrath of Beogh upon you.
Beogh smites you!
An orc comes into view. It is wielding a hand axe.
Okay, then.
You aren't carrying any potions.
The ball python hisses angrily.
You hit the giant cockroach.
You kill the giant cockroach!
Trog accepts your kill.
You barely miss the ball python. The ball python barely misses you.
You furiously retaliate!
You headbutt the ball python!
You kill the ball python!
Trog accepts your kill.
A giant cockroach and an orc come into view.
The orc shouts!
The orc misses you. You furiously retaliate!
You headbutt the orc. The orc closely misses you.
You see here a ball python corpse.
You closely miss the orc.
You kill the orc!
Trog accepts your kill.
You barely miss the orc. You closely miss the orc. The orc closely misses you.
The orc hits you with a hand axe.
You hit the orc but do no damage. Your headbutt misses the orc.
You hit the orc priest. You barely miss the orc.
The orc priest casts a cantrip, but nothing happens.
The orc hits you with a war axe. The orc closely misses you.
The orc priest looks encouraged for a moment.
You hit the orc. Your headbutt misses the orc.
The orc is almost dead.
The orc hits you with a war axe!
You die...

... #...
....... ##...
....... ....
.......
#(..####......
##...#........
#....#.....#
#....#@....#
#...oo..<..#
#....o.....#
#.#...###### #
#.... #....
#..... ......
####....


You could see an orc priest and 2 orcs.

Vanquished Creatures
  An adder (D:2)
  An orc (D:3)
  A ball python (D:3)
  A giant cockroach (D:3)
  A hobgoblin (D:1)
  A bat (D:1)
  2 kobolds (D:1)
  A rat (D:1)
9 creatures vanquished.

Notes
Turn   | Place    | Note
-------+----------+-------------------------------------------
     0 | D:1      | Mgcat the Minotaur Berserker began the quest for the Orb.
     0 | D:1      | Reached XP level 1. HP: 19/19 MP: 0/0
    26 | D:1      | Reached skill level 4 in Axes
    74 | D:2      | Reached XP level 2. HP: 26/26 MP: 1/1
   104 | D:3      | Slain by an orc

Vault maps used:
D:1:      eino_arrival_water_cross, corexii_item_surrounded_by_moat,
          minmay_pentomino_p2
D:2:      first_ration, uniq_jessica, uniq_sigmund
D:3:      kennysheep_potato

Skill      XL: |  1 |
---------------+----+-----
Axes           | 4 |  4.8
Fighting       | |  3.6
Armour         | |  2.4
Dodging        | |  2.1

Action                   || total
-------------------------++-------
Melee: Hand axe          ||    13
       Headbutt          ||     2
Invok: Berserk           ||     2
Armor: Animal skin       ||     2
Dodge: Dodged            ||     8

Table legend:
 A = Spawn XP
 B = Non-spawn XP
 C = Spawn XP percentage of total XP
 D = Spawn monster count
 E = Non-spawn monster count
 F = Spawn count percentage of total count
 G = Total turns spent on level
                    A         B        C        D         E        F      G
               +---------+---------+-------+---------+---------+-------+---------
         Total |       0 |      28 |   0.0 |       0 |       9 |   0.0 |   104
               +---------+---------+-------+---------+---------+-------+---------
           D:1 |       0 |       7 |   0.0 |       0 |       5 |   0.0 |    69
           D:2 |       0 |      14 |   0.0 |       0 |       1 |   0.0 |    26
           D:3 |       0 |       7 |   0.0 |       0 |       3 |   0.0 |     9
               +---------+---------+-------+---------+---------+-------+---------

Vault maps used:
D:1:      eino_arrival_water_cross, corexii_item_surrounded_by_moat,
          minmay_pentomino_p2
D:2:      first_ration, uniq_jessica, uniq_sigmund
D:3:      kennysheep_potato

Table legend:
 A = Turns spent in this place as a percentage of turns spent in the entire game.
 B = Non-inter-level travel turns spent in this place as a percentage of non-inter-level travel turns spent in the entire game.
 C = Inter-level travel turns spent in this place as a percentage of turns spent in this place.
 D = Turns resting spent in this place as a percentage of non-inter-level travel turns spent in this place.
 E = Turns spent auto-exploring this place as a percentage of non-inter-level travel turns spent in this place.
 F = Non-inter-level travel turns spent in this place divided by the number of levels of this place that you've seen.
                   A       B       C       D       E      F
               +-------+-------+-------+-------+-------+----------------------
         Total | 100.0 | 100.0 |   0.0 |  33.7 |   4.8 |  34.7
       Dungeon | 100.0 | 100.0 |   0.0 |  33.7 |   4.8 |  34.7
               +-------+-------+-------+-------+-------+----------------------

Table legend:
 A = Kills in this place as a percentage of kills in entire the game.
 B = Kills by you in this place as a percentage of kills by you in the entire game.
 C = Kills by friends in this place as a percentage of kills by friends in the entire game.
 D = Other kills in this place as a percentage of other kills in the entire game.
 E = Experience gained in this place as a percentage of experience gained in the entire game.
 F = Experience gained in this place divided by the number of levels of this place that you have seen.
                   A       B       C       D       E      F
               +-------+-------+-------+-------+-------+----------------------
         Total | 100.0 | 100.0 |   N/A |   N/A | 100.0 |   9.3
       Dungeon | 100.0 | 100.0 |   N/A |   N/A | 100.0 |   9.3
               +-------+-------+-------+-------+-------+----------------------
